 Dungeon Crawl Stone Soup version 0.31-a0-986-g5e6e4ef867 (webtiles) character file.

Game seed: 9055933408160252136

178 olourkin the Conjurer (level 5, -1/28 HPs)
             Began as a Deep Elf Conjurer on Nov 15, 2023.
             Killed by divine providence
             ... invoked by an orc priest
              (9 damage)
             ... on level 4 of the Dungeon.
             The game lasted 00:16:07 (3799 turns).

olourkin the Conjurer (Deep Elf Conjurer)           Turns: 3799, Time: 00:16:08

Health: -1/28      AC: 10    Str: 10    XL:     5   Next: 32%
Magic:  7/13       EV: 12    Int: 25    God:
Gold:   206        SH:  0    Dex: 13    Spells: 7/13 levels left

rFire   . . .        h - +2 dagger (venom)
rCold   . . .        (no shield)
rNeg    . . .        m - +2 robe
rPois   .            i - +1 helmet
rElec   .            (no cloak)
rCorr   .            l - +0 pair of gloves
SInv    .            o - +2 pair of boots {rampage}
Will    .....        (no amulet)
Stlth   ++           p - +6 ring of strength
HPRegen 0.24/turn    (no ring)
MPRegen 0.13/turn

%: rampage
@: no status effects
A: no striking features
a: no special abilities


You were on level 4 of the Dungeon.
You visited 1 branch of the dungeon, and saw 4 of its levels.

You collected 206 gold pieces.

Inventory:

Hand Weapons
 c - a +2 dagger of protection
 h - a +2 dagger of venom (weapon)
Missiles
 f - 2 poisoned darts
Armour
 i - a +1 helmet (worn)
 l - a +0 pair of gloves (worn)
 m - a +2 robe (worn)
 o - a +2 pair of boots of rampaging (worn)
 q - a scarf of shadows
Magical Staves
 a - a staff of poison
Jewellery
 p - a +6 ring of strength (left hand)
Talismans
 r - a beast talisman
Wands
 n - a wand of flame (24)
Scrolls
 e - 4 scrolls of teleportation
 v - 2 scrolls of vulnerability {!r}
Potions
 b - 3 potions of magic
 d - a potion of haste {unknown}
 j - a potion of curing {unknown}
 s - a potion of brilliance {unknown}
 u - a potion of heal wounds {unknown}
 w - a potion of lignification {unknown}


   Skills:
 - Level 2.4 Dodging
 + Level 3.3 Stealth
 + Level 4.5 Spellcasting
 * Level 6.3 Conjurations
 + Level 0.0 Hexes


You had 7 spell levels left.
You knew the following spells:

 Your Spells              Type           Power      Damage    Failure   Level
a - Magic Dart            Conj           100%       1d8       1%          1
u - Ensorcelled Hibernat  Hex/Ice        10%        N/A       13%         2
y - Dazzling Flash        Conj/Hex       42%        N/A       7%          3

Your spell library contained the following spells:

 Spells                   Type           Power      Damage    Failure   Level
 Searing Ray              Conj           74%        2d7       1%          2
 Jinxbite                 Hex            12%        N/A       13%         2
 Fulminant Prism          Conj/Hex       10%        3d8       22%         4
 Iskenderun's Mystic Bla  Conj/Tloc      21%        2d6       24%         4
 Anguish                  Hex/Necr       2%         N/A       63%         4


Dungeon Overview and Level Annotations

Branches:
Dungeon (4/15)
 Temple: D:4-7

Altars:
Kikubaaqudgha


Message History

Press: ? - help, Shift-Dir - straight line, f/p - orc
Aim: an orc, wielding a +0 short sword (moderately wounded, 100% to hit)
The magic dart hits the orc.
The orc is heavily wounded.
An orc comes into view. It is wielding a +0 dagger.
The orc priest calls down the wrath of Beogh upon you.
Beogh smites you! The orc attacks as it pursues you!
The orc hits you with a +0 short sword.
Casting: Magic Dart (safe; 1% risk of failure)
Confirm with . or Enter, or press ? or * to list all spells.
Aiming: Ensorcelled Hibernation (safe; 13% risk of failure)
Press: ? - help, Shift-Dir - straight line, f - orc priest, p - orc
Aim: an orc priest, wielding a +0 falchion and wearing a +0 ring mail (chance to affect: 38%)
The orc priest resists with some effort.
The orc hits you but does no damage.
The orc priest calls upon Beogh to heal the orc.
The orc's wounds heal themselves!
Casting: Ensorcelled Hibernation (safe; 13% risk of failure)
Confirm with . or Enter, or press ? or * to list all spells.
Aiming: Ensorcelled Hibernation (safe; 13% risk of failure)
Press: ? - help, Shift-Dir - straight line, f/p - orc priest
Aim: an orc priest, wielding a +0 falchion and wearing a +0 ring mail (chance to affect: 38%)
The orc priest looks drowsy...
The orc closely misses you. The orc attacks as it pursues you!
The orc hits you with a +0 short sword.
The orc priest invokes the aid of Beogh against you.
Beogh smites you!
* * * LOW HITPOINT WARNING * * *
The orc attacks as it pursues you! The orc hits you with a +0 short sword.
* * * LOW HITPOINT WARNING * * *
Casting: Ensorcelled Hibernation (safe; 13% risk of failure)
Confirm with . or Enter, or press ? or * to list all spells.
Aiming: Ensorcelled Hibernation (safe; 13% risk of failure)
Press: ? - help, Shift-Dir - straight line, f - orc, p - orc priest
Aim: an orc, wielding a +0 short sword (chance to affect: 56%)
The orc looks drowsy...
The orc priest begins to cast a cantrip, but forgets the words!
The orc priest begins to cast a cantrip, but forgets the words!
The orc priest mumbles some strange prayers to Beogh against you.
Beogh smites you!
You die...

...#.#........##
....#..........#
...##..........#
...###.....<...##
...# #.)........#
...# ##.........#
...# #.........##
...# ##.........#
...# ####.####@#
..## ### #.## .##
##o# ## #.# #
#####o## #
##...##.#
#.....#.##
#......o.#
##........#


You could see an orc priest and 2 orcs.

Vanquished Creatures
  Jessica (D:2)
  Terence (D:3)
  Robin (D:2)
  2 adders (D:2)
  A worm (D:2)
  2 dart slugs (D:1)
  2 orcs (D:3)
  12 endoplasms
  A giant cockroach (D:1)
  19 goblins
  9 hobgoblins
  A quokka (D:1)
  6 ball pythons
  4 bats
  7 frilled lizards
  9 kobolds
  3 rats
81 creatures vanquished.

Notes
Turn   | Place    | Note
-------+----------+-------------------------------------------
     0 | D:1      | olourkin the Deep Elf Conjurer began the quest for the Orb.
     0 | D:1      | Reached XP level 1. HP: 10/10 MP: 6/6
   287 | D:1      | Reached XP level 2. HP: 15/15 MP: 6/8
   314 | D:1      | Reached skill level 5 in Conjurations
  1009 | D:2      | Noticed Jessica
  1064 | D:2      | Reached XP level 3. HP: 19/19 MP: 7/9
  1294 | D:2      | Learned a level 3 spell: Dazzling Flash
  1582 | D:2      | Noticed Robin
  1595 | D:2      | Killed Robin
  1613 | D:2      | Reached XP level 4. HP: 24/24 MP: 0/11
  2181 | D:2      | Killed Jessica
  2182 | D:2      | Reached skill level 6 in Conjurations
  2792 | D:3      | Found an ancient bone altar of Kikubaaqudgha.
  2911 | D:3      | Noticed Terence
  2920 | D:3      | Killed Terence
  2921 | D:3      | Reached XP level 5. HP: 19/28 MP: 6/13
  3161 | D:3      | Learned a level 2 spell: Ensorcelled Hibernation
  3799 | D:4      | Killed from afar by an orc priest

Illustrated notes

Levels and vault maps discovered:
D:1:      minmay_arrival_wavy_path, layout_basic, serial_bayou_lagoon_b
D:2:      layout_loops_ring, dreamdust_wishing_well, uniq_robin, uniq_jessica
D:3:      layout_basic, kiku_gazebo_pond_becter, kennysheep_small_spiral,
          minmay_ruptured, uniq_terence
D:4:      layout_cave_pods, chequers_temple_overflow_minitemple,
          minmay_temple_entry_junction, serial_shops, shop_statue, shop, shop,
          nicolae_shop_hallway_stairs, st_stairs_6

Skill      XL: |  1  2  3  4 |
---------------+-------------+-----
Conjurations   | 5 6 |  6.3
Stealth        | 3 |  3.3
Spellcasting   | 4 |  4.5
Dodging        | |  2.4

Action                     |  1- 3 |  4- 6 || total
---------------------------+-------+-------++-------
  Melee: Dagger            |       |     3 ||     3
   Cast: Magic Dart        |    74 |    93 ||   167
         Dazzling Flash    |       |     1 ||     1
         Ensorcelled Hiber |       |     3 ||     3
    Use: Scroll            |       |     5 ||     5
 Armour: Robe              |     7 |    10 ||    17
  Dodge: Dodged            |     6 |    14 ||    20

Table legend: (Time is in decaauts)
 A = Elapsed time spent in this place.
 B = Non-inter-level travel time spent in this place.
 C = Inter-level travel time spent in this place.
 D = Time resting spent in this place.
 E = Time spent auto-exploring this place.
 F = Levels seen in this place.
 G = Mean time per level.
                   A        B        C        D        E       F      G
               +--------+--------+--------+--------+--------+-----+--------+
         Total |   3815 |   3505 |    310 |   1242 |   1574 |   4 |  953.8 |
       Dungeon |   3815 |   3505 |    310 |   1242 |   1574 |   4 |  953.8 |
               +--------+--------+--------+--------+--------+-----+--------+

Top non-repeatable levels by time:
     D:2: 1236 daAuts
     D:1: 1218 daAuts
     D:3: 1213 daAuts
     D:4: 146 daAuts
